 Dungeon Crawl Stone Soup version 0.27-a0-1384-g1422d76b99 (webtiles) character file.

Game seed: 16637975894639536385

46 pokeman the Magician (level 3, -2/20 HPs)
             Began as a Deep Elf Hedge Wizard on June 30, 2021.
             Slain by an adder (4 damage)
             ... on level 2 of the Dungeon.
             The game lasted 00:05:05 (1773 turns).

pokeman the Magician (Deep Elf Hedge Wizard)        Turns: 1773, Time: 00:05:06

Health: -2/20      AC:  4    Str:  7    XL:     3   Next: 44%
Magic:  0/11       EV: 12    Int: 19    God:
Gold:   106        SH:  0    Dex: 14    Spells: 1/12 levels left

rFire    . . .     SeeInvis .   g - +0 dagger (drain)
rCold    . . .     Faith    .   (no shield)
rNeg     . . .     Spirit   .   b - +0 robe
rPois    .         Reflect  .   f - +0 helmet
rElec    .         Harm     .   (no cloak)
rCorr    .         Rampage  .   i - +0 pair of gloves
Will     .....                  (no boots)
Stlth    ++........             (no amulet)
HPRegen  0.06/turn              (no ring)
MPRegen  0.12/turn              (no ring)

@: no status effects
A: no striking features
a: no special abilities


You were on level 2 of the Dungeon.
You visited 1 branch of the dungeon, and saw 2 of its levels.

You collected 106 gold pieces.

Inventory:

Hand Weapons
 g - a +0 dagger of draining (weapon)
Missiles
 h - 23 arrows
Armour
 b - a +0 robe (worn)
 f - a +0 helmet (worn)
 i - a +0 pair of gloves (worn)
Scrolls
 e - a scroll of fear {unknown}
 j - a scroll of enchant armour {unknown}
 k - a scroll of torment {unknown}
Potions
 a - a potion of attraction {unknown}
 c - a potion of cancellation {unknown}
 d - a potion of magic {unknown}


   Skills:
 + Level 0.9 Fighting
 + Level 0.9 Armour
 - Level 2.4 Dodging
 - Level 2.4 Stealth
 * Level 5.3 Spellcasting
 + Level 1.9 Conjurations
 - Level 1.1 Summonings
 - Level 1.1 Translocations


You had one spell level left.
You knew the following spells:

 Your Spells              Type           Power      Damage    Failure   Level
a - Magic Dart            Conj           48%        1d5       5%          1
b - Mephitic Cloud        Conj/Pois/Air  7%         N/A       28%         3
c - Call Imp              Summ           9%         N/A       12%         2
d - Blink                 Tloc           N/A        N/A       12%         2
e - Conjure Flame         Conj/Fire      8%         6-21      24%         3

Your spell library contained the following spells:

 Spells                   Type           Power      Damage    Failure   Level
 Slow                     Hex            5%         N/A       19%         2


Dungeon Overview and Level Annotations

Branches:
Dungeon (2/15)

Altars:

Annotations:
D:2 Sigmund


Message History

The adder barely misses your crimson imp.
The adder barely misses your crimson imp.
Your crimson imp barely misses the adder.
The adder misses your crimson imp.
Your crimson imp hits the adder.
The adder misses your crimson imp.
Your crimson imp completely misses the adder.
The adder barely misses your crimson imp.
Your crimson imp hits the adder but does no damage.
The adder closely misses your crimson imp.
The adder bites your crimson imp.
Your crimson imp barely misses the adder.
The adder closely misses your crimson imp.
Your crimson imp disappears in a puff of smoke!
Your crimson imp blinks!
What are your orders? t - Shout!
Orders for allies: a - Attack new target. r - Retreat! s - Stop attacking. g - Guard the area. f - Follow me.
Anything else - Cancel.
Gang up on whom?
Press: ? - help, Dir - move target, f - adder
Aim: an adder (purple smoke, lightly wounded, ally target) Attack!
Your crimson imp hits the adder.
The adder bites your crimson imp.
Your crimson imp barely misses the adder.
The adder closely misses your crimson imp.
Your crimson imp blinks!
The endoplasm jiggles.
You miss the adder.
The adder is moderately wounded.
The adder bites you.
* * * LOW HITPOINT WARNING * * *
Unknown command.
The bat seems less drained.
Casting: Call Imp (safe; 12% risk of failure)
Confirm with . or Enter, or press ? or * to list all spells.
A beastly little devil appears in a puff of flame.
The adder bites you.
You die...

..#######.# ### #.#
#########†#
JS5÷...J#.#
####.##b#.#
#.##S#.##########
####.##.#.†...†....#
..##.##J##########.##
..##.##b..[5.bJS@...#
..##.############.#.#
####.# ####5#.#
#......#
#......########
#......##.....#
#......##.###.#
####.#.##.# #.#
#.#.##.# #.#


You could see an adder (ally target), an endoplasm, a bat and 2 friendly crimson
imps.

Vanquished Creatures
  An adder (D:2)
  A dart slug (D:2)
  5 ball pythons
  4 endoplasms
  A giant cockroach (D:1)
  4 goblins
  A hobgoblin (D:1)
  3 quokkas
  A bat (D:1)
  4 frilled lizards
  4 kobolds
  A rat (D:1)
30 creatures vanquished.

Vanquished Creatures (collateral kills)
  A goblin (D:2)
1 creature vanquished.

Grand Total: 31 creatures vanquished

Notes
Turn   | Place    | Note
-------+----------+-------------------------------------------
     0 | D:1      | pokeman the Deep Elf Hedge Wizard began the quest for the
                  | Orb.
     0 | D:1      | Reached XP level 1. HP: 10/10 MP: 7/7
   274 | D:1      | Reached XP level 2. HP: 15/15 MP: 3/9
  1116 | D:2      | Reached skill level 5 in Spellcasting
  1116 | D:2      | Reached XP level 3. HP: 19/20 MP: 2/11
  1120 | D:2      | Learned a level 3 spell: Mephitic Cloud
  1123 | D:2      | Learned a level 2 spell: Call Imp
  1126 | D:2      | Learned a level 2 spell: Blink
  1130 | D:2      | Learned a level 3 spell: Conjure Flame
  1692 | D:2      | Noticed Sigmund
  1773 | D:2      | Slain by an adder

Illustrated notes

Levels and vault maps discovered:
D:1:      roderic_dead_forest, layout_basic, hangedman_decor_push
D:2:      layout_basic, kennysheep_generic_room_16, uniq_sigmund

Skill      XL: |  1  2 |
---------------+-------+-----
Spellcasting   | 5 |  5.3
Fighting       | |  0.9
Armour         | |  0.9
Dodging        | |  2.4
Stealth        | |  2.4
Conjurations   | |  1.9
Summonings     | |  1.1
Translocations | |  1.1

Action                   || total
-------------------------++-------
Melee: Dagger            ||    12
 Cast: Magic Dart        ||    78
       Call Imp          ||     5
       Conjure Flame     ||     1
       Mephitic Cloud    ||     1
Armor: Robe              ||     7
Dodge: Dodged            ||    22

Table legend: (Time is in decaauts)
 A = Elapsed time spent in this place.
 B = Non-inter-level travel time spent in this place.
 C = Inter-level travel time spent in this place.
 D = Time resting spent in this place.
 E = Time spent auto-exploring this place.
 F = Levels seen in this place.
 G = Mean time per level.
                   A        B        C        D        E       F      G
               +--------+--------+--------+--------+--------+-----+--------+
         Total |   1772 |   1688 |     84 |      0 |   1437 |   2 |  886.0 |
       Dungeon |   1772 |   1688 |     84 |      0 |   1437 |   2 |  886.0 |
               +--------+--------+--------+--------+--------+-----+--------+

Top non-repeatable levels by time:
     D:1: 1081 daAuts
     D:2: 690 daAuts
